[Event "Team 45 45 League T56"]
[Site "Internet Chess Club"]
[Date "2013.04.19"]
[Round "9"]
[White "WzeroMN"]
[Black "RobertBuice"]
[Result "1-0"]
[WhiteElo "1044"]
[BlackElo "1054"]
[Opening "Caro-Kann: advance variation"]
[ECO "B12"]
[Time "18:00:32"]
[TimeControl "2700+45"]

1. e4 c6 2. d4 d5 3. e5 Bf5 4. Bd3 e6 5. Bxf5 exf5 6. Nf3 Be7 7. O-O f6 8. Re1
Nd7 9. exf6 Ngxf6 10. Bg5 O-O 11. Ne5 Bb4 12. c3 Ba5 13. Nd2 Qc7 14. Ndf3 Ne4
15. Rc1 c5 16. Nxd7 Qxd7 17. Bd2 Bb6 18. Ne5 Qe6 19. Be3 f4 20. f3 fxe3 21. fxe4
dxe4 22. Rxe3 Qxa2 23. Nd7 Rf5 24. Nxb6 axb6 25. Rb1 Raf8 26. Rxe4 Rf1+ 27. Qxf1
Rxf1+ 28. Rxf1 h6 29. Re5 Qxb2 30. d5 Qxc3 31. Re8+ Kh7 32. Rd1 h5 33. d6 Qc2
34. Ree1 h4 35. d7 h3 36. gxh3 Qg6+ 37. Kh1 Qc6+ 38. Kg1 Qg6+ 39. Kf2 Qf6+ 40.
Kg3 Qg5+ 41. Kf3 Qf6+ 42. Kg2 Qg5+ 43. Kh1 Qd8 44. Re8 Qc7 45. d8=Q Qc6+ 46. Qd5
Qxe8 47. Qd3+ Kg8 48. Qc4+ Kh7 49. Qh4+ Kg8 50. Re1 Qf8 51. Qc4+ Kh7 52. Re6
Qf3+ 53. Kg1 Qf7 54. Rh6+ Kg8 55. Qxf7+ Kxf7 56. Rh4 Ke6 57. Rg4 Kd5 58. Rxg7 c4
59. Rxb7 Kc5 60. h4 b5 61. h5 c3 62. Rc7+ Kb4 63. h6 Kb3 64. h7 c2 65. Rxc2 Kxc2
66. h8=Q b4 67. Qb8 b3 68. h3 b2 69. Qxb2+ Kxb2 70. h4 Kc2 71. h5 Kd3 72. h6 Ke4
73. h7 Kf5 74. h8=Q Kg5 75. Qe5+ Kg6 76. Kg2 Kf7 77. Kg3 Kg6 78. Kg4 Kf7 79. Kg5
Kf8 80. Kg6 Kg8 81. Qg7# {Black checkmated} 1-0

[Event "Team 45 45 League T56"]
[Site "Internet Chess Club"]
[Date "2013.04.17"]
[Round "9"]
[White "Goldenberg"]
[Black "Hal2001"]
[Result "1-0"]
[WhiteElo "1681"]
[BlackElo "1674"]
[Opening "Robatsch (modern) defense"]
[ECO "B06"]
[Time "20:12:23"]
[TimeControl "2700+45"]

1. e4 g6 2. d4 Bg7 3. Nf3 c5 4. c3 cxd4 5. cxd4 d5 6. e5 Bg4 7. h3 Bxf3 8. Qxf3
Nh6 9. Nc3 e6 10. Bb5+ Nc6 11. O-O O-O 12. Bxc6 bxc6 13. Bxh6 Bxh6 14. Rad1 f6
15. Qg4 Qe8 16. Rfe1 f5 17. Qh4 Bg7 18. Ne2 Qd8 19. Qf4 Qe7 20. Rc1 Rac8 21. Qe3
Qb4 22. b3 Rc7 23. Nf4 Re8 24. Nd3 Qb6 25. Nc5 Bf8 26. Rc2 Bxc5 27. Rxc5 Qb4 28.
Rec1 Qb6 29. Qc3 Rec8 30. b4 a6 31. a3 Kf7 32. Qe3 Ra7 33. Qg5 Qd8 34. Qxd8 Rxd8
35. Rxc6 a5 36. Rc7+ Rd7 37. Rxd7+ Rxd7 38. bxa5 Ra7 39. Rc5 Ke7 40. f4 Kd7 41.
Kf2 Rc7 42. Rxc7+ Kxc7 43. g4 Kb7 44. gxf5 gxf5 45. Kg3 Ka6 46. Kh4 h6 47. Kh5
Kxa5 48. Kxh6 Ka4 49. Kg6 Kxa3 50. h4 Kb4 51. h5 Kc4 52. h6 {Black resigns} 1-0

[Event "Team 45 45 League T56"]
[Site "Internet Chess Club"]
[Date "2013.04.21"]
[Round "9"]
[White "MinnArkie"]
[Black "DeltaChess"]
[Result "1-0"]
[WhiteElo "1597"]
[BlackElo "1308"]
[Opening "English opening"]
[ECO "A20"]
[Time "16:17:37"]
[TimeControl "2700+45"]

1. c4 e5 2. g3 Nc6 3. Bg2 Nf6 4. Nc3 d6 5. d3 Be6 6. Bg5 Be7 7. Nf3 h6 8. Bd2
Qd7 9. O-O O-O-O 10. a3 h5 11. b4 Nd4 12. Nxd4 exd4 13. Nb5 a6 14. Nxd4 Bh3 15.
b5 axb5 16. cxb5 h4 17. Qa4 Qg4 18. Bxb7+ Kd7 19. Bc6+ Kc8 20. Qa8# {Black
checkmated} 1-0

[Event "Team 45 45 League T56"]
[Site "Internet Chess Club"]
[Date "2013.04.19"]
[Round "9"]
[White "Littlemon"]
[Black "PaulRichard"]
[Result "0-1"]
[WhiteElo "1376"]
[BlackElo "1563"]
[Opening "Nimzo-Indian: Leningrad variation"]
[ECO "E30"]
[Time "19:00:22"]
[TimeControl "2700+45"]

1. d4 e6 2. c4 Nf6 3. Nc3 Bb4 4. Bg5 c5 5. Nf3 cxd4 6. Nxd4 Qa5 7. Qb3 Bxc3+ 8.
Qxc3 Qxg5 9. Nb5 Qc5 10. b4 Qc6 11. Qg3 O-O 12. Nc7 Qxc4 13. a3 Ne4 14. Qe5 d6
15. e3 Qxc7 16. Qd4 Qc3+ 17. Qxc3 Nxc3 18. Bd3 Nc6 19. O-O Ne5 20. Bc2 Bd7 21.
Rfc1 Ne2+ 22. Kf1 Nxc1 23. Rxc1 Rfc8 24. Ke2 Bb5+ 25. Kd2 Nc4+ 26. Kc3 Nxa3+ 27.
Kb3 Nxc2 28. Rxc2 Rxc2 29. Kxc2 Rc8+ 30. Kd2 Rc4 31. Ke1 Rxb4 32. Kd2 Rb2+ 33.
Ke1 a5 34. g3 a4 {White resigns} 0-1

[Event "Team 45 45 League T56"]
[Site "Internet Chess Club"]
[Date "2013.04.21"]
[Round "9"]
[White "medsurg"]
[Black "mindstorm"]
[Result "0-1"]
[WhiteElo "1341"]
[BlackElo "1438"]
[Opening "QGD: Tarrasch defense"]
[ECO "D32"]
[Time "20:30:08"]
[TimeControl "2700+45"]

1. d4 d5 2. c4 e6 3. Nc3 c5 4. e3 Nc6 5. Nf3 Nf6 6. Be2 cxd4 7. exd4 Bb4 8. O-O
Bxc3 9. bxc3 Ne4 10. Qc2 O-O 11. cxd5 exd5 12. Bd3 f5 13. c4 Nb4 14. Qb3 Nxd3
15. Qxd3 dxc4 16. Qxc4+ Kh8 17. Nd2 Nxd2 18. Bxd2 f4 19. f3 Qg5 20. Rae1 Bh3 21.
Rf2 a6 22. Re5 Qg6 23. Re4 b5 24. Qb3 Bd7 25. Bxf4 Rac8 26. Rc2 Rxc2 27. Qxc2
Bf5 28. Be5 Bxe4 29. fxe4 Qf7 30. Qe2 h6 31. Bd6 Rd8 32. e5 Qe6 33. Qb2 Rxd6 34.
exd6 Qe1# {White checkmated} 0-1